 Dungeon Sprint DCSS version 0.28-a0-1234-g826d19b2e0 (webtiles) character file.

Game seed: 6176599847604284945

37214 mhtbhm the Phalangite (level 13, -8/147 HPs)
             Began as a Grey Draconian Berserker on Dec 23, 2021.
             Was the Champion of Trog.
             Mangled by a fenstrider witch (9 damage)
             ... while paralysed by a fenstrider witch
             ... in the Dungeon (Sprint IX: "|||||||||||||||||||||||||||||").
             The game lasted 00:07:49 (4948 turns).

mhtbhm the Phalangite (Grey Draconian Berserker)    Turns: 4948, Time: 00:07:50

Health: -8/147     AC: 19    Str: 24    XL:     13   Next: 57%
Magic:  0/13       EV:  2    Int:  8    God:    Trog [******]
Gold:   1070       SH:  0    Dex: 11    Spells: 12/12 levels left

rFire   . . .      SeeInvis +   q - +5 glaive (vorpal)
rCold   . . .      Faith    .   (shield currently unavailable)
rNeg    + . .      Spirit   +   (armour unavailable)
rPois   .          Reflect  .   (helmet restricted)
rElec   +          Harm     .   B - +1 cloak
rCorr   .          Rampage  +   s - +0 pair of gloves
Will    .....      NoTele   +   j - +0 pair of boots
Stlth   ++++......              v - amulet of Atucat {Spirit Rampage rElec rN+}
HPRegen 0.34/turn               y - ring of see invisible
MPRegen 0.13/turn               m - +2 ring of protection

@: paralysed, on berserk cooldown, slowed
A: AC +13, amphibious, unfitting armour, cold-blooded
a: Renounce Religion, Berserk, Trog's Hand, Brothers in Arms


You were in the Dungeon.
You worshipped Trog.
Trog was exalted by your worship.
You visited 1 branch You collected 1930 gold pieces.
You spent 860 gold pieces at shops.

Inventory:

Hand Weapons
 a - a +4 glaive of flaming
 q - a +5 vorpal glaive (weapon)
 t - a +2 bardiche of flaming
Missiles
 w - a throwing net (quivered)
Armour
 j - a +0 pair of boots (worn)
 k - the +6 buckler of the Gloaming {SInv}
   (You found it in the Dungeon)

   SInv:      It lets you see invisible.
 s - a +0 pair of gloves (worn)
 B - a +1 cloak (worn)
Jewellery
 m - a +2 ring of protection (right hand)
 u - an amulet of reflection
 v - the amulet of Atucat (around neck) {Spirit Rampage rElec rN+}
   (You bought it in a shop in the Dungeon)

   [amulet of guardian spirit]

   It causes incoming damage to be divided between your reserves of health and
   magic.
   rElec:     It insulates you from electricity.
   rN:        It protects you from negative energy.
   Rampage:   It bestows one free step when moving towards enemies.
 x - a ring of willpower
 y - a ring of see invisible (left hand)
 z - a ring of positive energy
 A - a ring of protection from cold
Wands
 i - a wand of acid (4)
Scrolls
 n - 8 scrolls of enchant armour
 o - 2 scrolls of enchant weapon
 p - a scroll of fog
 C - 2 scrolls of fear
 D - a scroll of identify
Potions
 b - 10 potions of curing
 d - 2 potions of haste
 e - 4 potions of magic
 f - 2 potions of berserk rage
 h - a potion of invisibility
 r - 2 potions of heal wounds
Miscellaneous
 c - a phantom mirror


   Skills:
 + Level 22.8 Fighting
 + Level 23.9 Polearms
 + Level 15.9 Dodging
 + Level 7.8 Stealth
 + Level 4.1 Evocations


You had 12 spell levels left.
You didn't know any spells.
Your spell library was empty.

Dungeon Overview and Level Annotations

Branches:
Dungeon (1/1)

Altars:
Cheibriados
Dithmenos
Elyvilon
Fedhas
Gozag
Hepliaklqana
Kikubaaqudgha
Makhleb
Nemelex Xobeh
Okawaru
Qazlal
Ru
Sif Muna
Trog
Uskayaw
Vehumet
Wu Jian
Xom
Yredelemnul
Zin
The Shining One
Beogh
Jiyva
Lugonu

Shops:
D (=(:


Innate Abilities, Weirdness & Mutations

Your dull iron-grey scales are very hard. (AC +13)
You are amphibious.
You cannot fit into any form of body armour.
You are cold-blooded and may be slowed by cold attacks.


Message History

The bolt of acid misses the spriggan rider.
The bolt of acid hits the swamp dragon!
The swamp dragon is lightly wounded.
The fenstrider witch hits you!
* * * LOW HITPOINT WARNING * * *
The fenstrider witch barely misses you.
The spriggan rider hits you from afar with a +0 spear!
* * * LOW HITPOINT WARNING * * *
The fenstrider witch gestures at you while chanting.
Your body is wracked with pain!
* * * LOW HITPOINT WARNING * * *
The spriggan rider hits you from afar with a +0 spear.
* * * LOW HITPOINT WARNING * * *
Unknown command.
Blink to where?
Press: ? - help, Dir - move target, p - fenstrider witch
As you read the scroll of blinking, it crumbles to dust.
You feel much better.
Unknown command.
Your troll goes berserk!
The fenstrider witch casts a spell at you.
You suddenly lose the ability to move!
The spriggan rider hits you from afar with a +0 spear!
* * * LOW HITPOINT WARNING * * *
The fenstrider witch casts a spell at you.
Your body is wracked with pain!
* * * LOW HITPOINT WARNING * * *
The fenstrider witch hits you but does no damage.
The fenstrider witch kicks you but does no damage.
The spriggan rider barely misses you.
Your troll rages.
The fenstrider witch hits you.
* * * LOW HITPOINT WARNING * * *
The fenstrider witch kicks you.
* * * LOW HITPOINT WARNING * * *
The spriggan rider hits you but does no damage.
The fenstrider witch hits you!
* * * LOW HITPOINT WARNING * * *
The fenstrider witch kicks you!
You die...

'▓.▓.▓.▓)▓.▓)▓.▓.▓
_▓.▓.▓.▓)▓.▓)▓.▓.▓
_▓.▓†▓.▓)▓.▓)▓.▓.▓
_▓.▓)▓.▓)▓.▓)▓)▓.▓
_▓.▓÷▓.▓.▓.▓)▓)▓.▓
_▓.▓'▓.▓.▓.▓)▓.▓.▓
_▓.▓†▓.▓)▓.▓)▓.▓.▓
_▓.▓.▓.▓.▓.▓.▓.▓T▓
_▓.▓.▓.▓.▓.▓[▓.▓@▓
_▓.▓.▓.▓.▓.▓[▓.▓H▓
_▓.▓.▓.▓.▓.▓[▓.▓i▓
_▓.▓.▓.▓'▓.▓.▓.▓D▓
_▓.▓.▓.▓)▓.▓[▓.▓i▓
_▓.▓.▓.▓)▓.▓[▓.▓.▓
_▓.▓.▓.▓)▓.▓[▓.▓.▓
_▓.▓)▓.▓.▓.▓[▓.▓)▓
_▓.▓†▓.▓.▓.▓.▓.▓)▓


You could see a swamp dragon, a fenstrider witch (corroded, ally target), a
spriggan rider, a spriggan druid and a friendly troll (summoned, berserk).

Vanquished Creatures
  Frances (D)
  A fire giant (D)
  A ghost moth (D)
  A very ugly thing (D)
  A stone giant (D)
  A spark wasp (D)
  A bunyip (D)
  Snorg (D)
  2 ettins (D)
  3 boulder beetles (D)
  2 naga warriors (D)
  A great orb of eyes (D)
  A hydra (D)
  Harold (D)
  3 centaur warriors (D)
  An anaconda (D)
  A tengu warrior (D)
  An alligator (D)
  A two-headed ogre (D)
  A deep troll earth mage (D)
  6 orc high priests (D)
  A shock serpent (D)
  A naga sharpshooter (D)
  2 spriggan druids (D)
  A swamp dragon (D)
  An orb spider (D)
  A wolf spider (D)
  3 orc knights (D)
  A mana viper (D)
  An ugly thing (D)
  A moth of wrath (D)
  A manticore (D)
  A cyclops (D)
  9 elephants (D)
  2 naga magi (D)
  2 black mambas (D)
  4 cane toads (D)
  Psyche (D)
  An efreet (D)
  A tengu conjurer (D)
  2 demonic crawlers (D)
  2 jumping spiders (D)
  A polar bear (D)
  2 blink frogs (D)
  A yak (D)
  A basilisk (D)
  An acid dragon (D)
  A water moccasin (D)
  11 orc warriors (D)
  A centaur (D)
  A wolf (D)
  An ogre (D)
  4 bullfrogs (D)
  A scorpion (D)
  A killer bee (D)
  A jelly (D)
  9 orc priests (D)
  4 orc wizards (D)
  A dart slug (D)
  8 orcs (D)
  A bat zombie (D)
  A giant cockroach (D)
  A ball python (D)
  A bat (D)
  A quokka zombie (D)
  A rat (D)
127 creatures vanquished.

Vanquished Creatures (collateral kills)
  A catoblepas (D)
1 creature vanquished.

Grand Total: 128 creatures vanquished

Notes
Turn   | Place    | Note
-------+----------+-------------------------------------------
     0 | D        | mhtbhm the Draconian Berserker began the quest for the Orb.
     0 | D        | Reached XP level 1. HP: 19/19 MP: 1/1
    13 | D        | Reached ** piety under Trog
   192 | D        | Noticed a scorpion
   192 | D        | Noticed an ogre
   192 | D        | Noticed a jelly
   192 | D        | Noticed an orc wizard
   199 | D        | Killed a scorpion
   200 | D        | Reached skill level 5 in Fighting
   200 | D        | Reached skill level 5 in Polearms
   200 | D        | Reached XP level 2. HP: 30/30 MP: 2/2
   200 | D        | Reached XP level 3. HP: 36/37 MP: 3/3
   203 | D        | Killed an ogre
   203 | D        | Reached *** piety under Trog
   204 | D        | Reached skill level 6 in Polearms
   204 | D        | Reached skill level 5 in Dodging
   204 | D        | Reached XP level 4. HP: 47/47 MP: 4/4
   204 | D        | Reached XP level 5. HP: 52/52 MP: 5/5
   206 | D        | Reached skill level 7 in Polearms
   211 | D        | Reached **** piety under Trog
   222 | D        | Found a snail-covered altar of Cheibriados.
   222 | D        | Found a shadowy altar of Dithmenos.
   222 | D        | Found a white marble altar of Elyvilon.
   222 | D        | Found a blossoming altar of Fedhas.
   222 | D        | Found an opulent altar of Gozag.
   223 | D        | Found a hazy altar of Hepliaklqana.
   224 | D        | Found a viscous altar of Jiyva.
   225 | D        | Found an ancient bone altar of Kikubaaqudgha.
   226 | D        | Found a corrupted altar of Lugonu.
   227 | D        | Found a burning altar of Makhleb.
   228 | D        | Found a sparkling altar of Nemelex Xobeh.
   229 | D        | Found an iron altar of Okawaru.
   230 | D        | Found a stormy altar of Qazlal.
   231 | D        | Found a sacrificial altar of Ru.
   232 | D        | Found a shimmering blue altar of Sif Muna.
   233 | D        | Found a bloodstained altar of Trog.
   234 | D        | Found a hide-covered altar of Uskayaw.
   235 | D        | Found a radiant altar of Vehumet.
   236 | D        | Found an ornate altar of the Wu Jian Council.
   237 | D        | Found a shimmering altar of Xom.
   238 | D        | Found a basalt altar of Yredelemnul.
   239 | D        | Found a glowing silver altar of Zin.
   240 | D        | Found a glowing golden altar of the Shining One.
   358 | D        | Noticed a two-headed ogre
   358 | D        | Noticed a centaur
   358 | D        | Noticed an orc warrior
   358 | D        | Noticed an acid dragon
   363 | D        | Killed a two-headed ogre
   364 | D        | Reached skill level 10 in Polearms
   364 | D        | Reached XP level 6. HP: 27/68 MP: 6/6
   364 | D        | Your scales start taking on a dull iron-grey colour.
   364 | D        | Reached XP level 7. HP: 29/74 MP: 7/7
   689 | D        | Reached ***** piety under Trog
   690 | D        | Reached skill level 11 in Polearms
   697 | D        | Reached XP level 8. HP: 52/83 MP: 8/8
   945 | D        | Noticed a catoblepas
   945 | D        | Noticed an efreet
   945 | D        | Noticed a tengu warrior
   945 | D        | Noticed a cyclops
   945 | D        | Noticed a centaur warrior
   945 | D        | Noticed a tengu conjurer
   988 | D        | Killed a catoblepas
   989 | D        | Reached skill level 12 in Polearms
   989 | D        | Reached skill level 10 in Dodging
   989 | D        | Reached skill level 1 in Stealth
   997 | D        | Killed an efreet
   999 | D        | Killed a tengu conjurer
  1000 | D        | Reached skill level 1 in Evocations
  1000 | D        | Reached XP level 9. HP: 48/93 MP: 9/9
  1010 | D        | Killed a tengu warrior
  1013 | D        | Killed a cyclops
  1014 | D        | Reached skill level 13 in Polearms
  1017 | D        | Killed a centaur warrior
  1391 | D        | Noticed a five-headed hydra
  1401 | D        | Noticed an elephant
  1403 | D        | Killed a ten-headed hydra
  1404 | D        | Reached skill level 14 in Polearms
  1404 | D        | Reached XP level 10. HP: 104/104 MP: 10/10
  1407 | D        | Noticed a cane toad
  1417 | D        | Received a gift from Trog
  1427 | D        | Killed an elephant
  1428 | D        | Reached skill level 15 in Fighting
  1428 | D        | Reached skill level 15 in Polearms
  1431 | D        | Killed a cane toad
  1629 | D        | Noticed a cane toad
  1629 | D        | Noticed a cane toad
  1630 | D        | Noticed a cane toad
  1632 | D        | Killed a cane toad
  1636 | D        | Received a gift from Trog
  1638 | D        | Noticed a black mamba
  1640 | D        | Killed a cane toad
  1643 | D        | Killed a cane toad
  1644 | D        | Reached skill level 16 in Polearms
  1644 | D        | Reached ****** piety under Trog
  1649 | D        | Killed a black mamba
  1694 | D        | Noticed an elephant
  1694 | D        | Noticed an elephant
  1694 | D        | Noticed an elephant
  1694 | D        | Noticed an elephant
  1694 | D        | Noticed an elephant
  1694 | D        | Noticed an elephant
  1700 | D        | Killed an elephant
  1700 | D        | Received a gift from Trog
  1705 | D        | Killed an elephant
  1707 | D        | Killed an elephant
  1708 | D        | Reached skill level 17 in Polearms
  1708 | D        | Reached XP level 11. HP: 114/114 MP: 11/11
  1728 | D        | Received a gift from Trog
  1741 | D        | Reached skill level 18 in Polearms
  1979 | D        | Noticed Psyche
  1989 | D        | Killed Psyche
  2082 | D        | Noticed an orc knight
  2092 | D        | Killed an orc knight
  2098 | D        | Received a gift from Trog
  2120 | D        | Received a gift from Trog
  2197 | D        | Noticed an orc knight
  2209 | D        | Killed an orc knight
  2226 | D        | Received a gift from Trog
  2245 | D        | Reached skill level 19 in Polearms
  2501 | D        | Found Wacuhop's Antique Weapon Emporium.
  2501 | D        | Noticed an orc high priest
  2501 | D        | Noticed an orc high priest
  2501 | D        | Noticed an orc high priest
  2531 | D        | Killed an orc high priest
  2537 | D        | Noticed a sixfirhy
  2553 | D        | Noticed a sun demon
  2558 | D        | Killed an orc high priest
  2558 | D        | Received a gift from Trog
  2567 | D        | Killed an orc high priest
  2802 | D        | Found Datycimp's Jewellery Shoppe.
  2808 | D        | Found Giho's Weapon Emporium.
  2812 | D        | Found Fiotzoet's Book Shoppe.
  2814 | D        | Noticed an orc high priest
  2817 | D        | Noticed an orc high priest
  2818 | D        | Noticed an orc high priest
  2822 | D        | Killed an orc high priest
  2824 | D        | Received a gift from Trog
  2845 | D        | Noticed a soul eater
  2851 | D        | Killed an orc high priest
  2852 | D        | Reached skill level 20 in Polearms
  2860 | D        | Killed an orc high priest
  2861 | D        | Reached XP level 12. HP: 44/128 MP: 12/12
  2901 | D        | Bought an amulet of reflection for 330 gold pieces
  2901 | D        | Bought the amulet of Atucat {Spirit Rampage rElec rN+} for
                  | 530 gold pieces
  3179 | D        | Noticed Harold
  3192 | D        | Killed Harold
  3292 | D        | Got the +6 buckler of the Gloaming {SInv}
  3315 | D        | Noticed a centaur warrior
  3315 | D        | Noticed a centaur warrior
  3315 | D        | Noticed a boulder beetle
  3316 | D        | Noticed a boulder beetle
  3321 | D        | Killed a centaur warrior
  3323 | D        | Killed a centaur warrior
  3325 | D        | Noticed a boulder beetle
  3332 | D        | Killed a boulder beetle
  3336 | D        | Reached skill level 21 in Polearms
  3341 | D        | Noticed a deep troll earth mage
  3344 | D        | Received a gift from Trog
  3455 | D        | Killed a boulder beetle
  3457 | D        | Noticed a stone giant
  3459 | D        | Killed a deep troll earth mage
  3459 | D        | Noticed a brown very ugly thing
  3461 | D        | Noticed a great orb of eyes
  3468 | D        | Killed a stone giant
  3469 | D        | Reached skill level 5 in Stealth
  3475 | D        | Killed a brown very ugly thing
  3477 | D        | Killed a great orb of eyes
  3824 | D        | Noticed an ettin
  3830 | D        | Noticed a fire giant
  3831 | D        | Killed a boulder beetle
  3831 | D        | Received a gift from Trog
  3832 | D        | Reached skill level 22 in Polearms
  3835 | D        | Killed an ettin
  3836 | D        | Noticed an ettin
  3842 | D        | Killed a fire giant
  3846 | D        | Killed an ettin
  3847 | D        | Reached skill level 15 in Dodging
  4013 | D        | Noticed Snorg
  4022 | D        | Killed Snorg
  4150 | D        | Noticed Frances
  4157 | D        | Killed Frances
  4157 | D        | Received a gift from Trog
  4270 | D        | Noticed a spark wasp
  4275 | D        | Reached XP level 13. HP: 141/141 MP: 0/13
  4289 | D        | Killed a spark wasp
  4297 | D        | Killed a ghost moth
  4298 | D        | Reached skill level 23 in Polearms
  4555 | D        | Received a gift from Trog
  4583 | D        | Received a gift from Trog
  4904 | D        | Noticed a bunyip
  4904 | D        | Noticed a fenstrider witch
  4920 | D        | Killed a bunyip
  4934 | D        | Received a gift from Trog
  4945 | D        | Paralysed by a fenstrider witch for 4 turns
  4948 | D        | HP: 1/147 [fenstrider witch (9)]
  4948 | D        | Mangled by a fenstrider witch

Illustrated notes

Levels and vault maps discovered:
D:        linesprint [early_d, line_temple, items_1, d_10, items_2, lair_1,
          lair_end, items_3, orc_1, orc_end, items_4, d_15, swamp_1, shoals_1,
          snake_1, spider_1, d_20, vaults_1, items_5, swamp_end, shoals_end,
          snake_end, spider_end, vaults_end, d_27, items_6, zot_1, zot_end,
          crypt_end, forest_end, elf_end, slime_end, tomb_end, abyss_end,
          pan_hell_end]

Skill      XL: |  1  2  3  4  5  6  7  8  9 10 11 12 13 |
---------------+----------------------------------------+-----
Dodging        | 4 5 8 9 10 12 13 14 15 | 15.9
Fighting       | 5 7 11 13 14 16 18 20 22 | 22.8
Polearms       | 5 6 10 11 12 14 17 20 22 23 | 23.9
Stealth        | 1 2 3 4 5 7 |  7.8
Evocations     | 1 2 3 4 |  4.1

Action                   |  1- 3 |  4- 6 |  7- 9 | 10-12 | 13-15 || total
-------------------------+-------+-------+-------+-------+-------++-------
Melee: Spear             |    33 |     6 |       |       |       ||    39
       Tailslap          |     4 |     1 |     6 |    47 |    13 ||    71
       Halberd           |       |     4 |    45 |    33 |       ||    82
       Glaive            |       |       |       |   299 |    94 ||   393
Invok: Berserk           |     1 |     1 |     3 |    10 |     2 ||    17
       Brothers in Arms  |       |       |     1 |       |     2 ||     3
Evoke: Wand              |       |       |     4 |     1 |     1 ||     6
       Phantom mirror    |       |       |     2 |       |       ||     2
  Use: Scroll            |       |       |     1 |       |     1 ||     2
       Potion            |       |       |     3 |       |     2 ||     5
 Stab: Sleeping          |       |       |       |     2 |       ||     2
Armor: Skin              |     4 |       |    41 |    56 |    19 ||   120
Dodge: Dodged            |    20 |     3 |    54 |   126 |    30 ||   233

Table legend: (Time is in decaauts)
 A = Elapsed time spent in this place.
 B = Non-inter-level travel time spent in this place.
 C = Inter-level travel time spent in this place.
 D = Time resting spent in this place.
 E = Time spent auto-exploring this place.
 F = Levels seen in this place.
 G = Mean time per level.
                   A        B        C        D        E       F      G
               +--------+--------+--------+--------+--------+-----+--------+
         Total |   4928 |   4928 |      0 |   2906 |    919 |   1 | 4928.0 |
       Dungeon |   4928 |   4928 |      0 |   2906 |    919 |   1 | 4928.0 |
               +--------+--------+--------+--------+--------+-----+--------+

Top non-repeatable levels by time:
       D: 4928 daAuts
